 Dungeon Crawl Stone Soup version 0.20-a0-531-g6a4a307 (webtiles) character file.

191 Dharzhak the Chopper (level 5, -1/41 HPs)
             Began as a Demonspawn Gladiator on Jan 26, 2017.
             Slain by Grinder (2 damage)
             ... on level 3 of the Dungeon on Jan 27, 2017.
             The game lasted 00:11:28 (3188 turns).

Dharzhak the Chopper (Demonspawn Gladiator)         Turns: 3188, Time: 00:11:30

Health: -1/41      AC:  6    Str: 15    XL:     5   Next: 42%
Magic:  5/5        EV: 12    Int:  9    God:
Gold:   101        SH:  0    Dex: 15    Spells: 4/4 levels left

rFire    . . .     SeeInvis .   a - +0 war axe
rCold    . . .     Gourm    .   h - +0 ring mail
rNeg     . . .     Faith    .   (no shield)
rPois    .         Spirit   .   c - +0 helmet
rElec    .         Reflect  .   (no cloak)
rCorr    .         Harm     .   (no gloves)
MR       .....                  (no boots)
Stlth    +.........             (no amulet)
Regen    0.2/turn               (no ring)
                                (no ring)

@: no status effects
A: talons 2, demonic guardian 1
a: no special abilities


You were on level 3 of the Dungeon.
You were not hungry.

You visited 1 branch of the dungeon, and saw 3 of its levels.

You collected 101 gold pieces.

Inventory:

Hand Weapons
 a - a +0 war axe (weapon)
Missiles
 d - 3 throwing nets (quivered)
Armour
 c - a +0 helmet (worn)
 h - a +0 ring mail (worn)
Wands
 t - a wand of flame (27/48)
Scrolls
 e - a scroll of teleportation
 g - a scroll of immolation
 j - a scroll of random uselessness {unknown}
 m - a scroll of remove curse
 p - a scroll of enchant armour {unknown}
 q - a scroll of amnesia {unknown}
Potions
 i - 3 potions of curing
 l - a potion of heal wounds
 o - a potion of haste
 r - a potion of lignification {unknown}
Comestibles
 b - 7 chunks of flesh
 f - 2 bread rations
 k - 2 royal jellies
 n - 2 fruits
 s - a meat ration


   Skills:
 + Level 3.1 Fighting
 + Level 4.2 Axes
 + Level 1.7 Throwing
 + Level 1.8 Armour
 + Level 3.2 Dodging
 + Level 0.2 Stealth


You had 4 spell levels left.
You didn't know any spells.

Dungeon Overview and Level Annotations

Branches:
Dungeon (3/15)

Altars:

Annotations:
D:3 Grinder


Innate Abilities, Weirdness & Mutations

You have razor-sharp toenails.
A weak demonic guardian rushes to your aid.


Message History

You swap places.
Grinder blinks!
You barely miss Grinder. You claw Grinder, but do no damage.
Grinder is lightly wounded.
Grinder closely misses you.
You closely miss Grinder.
Grinder is lightly wounded.
Grinder hits you!
You writhe in agony.
* * * LOW HITPOINT WARNING * * *
You hit Grinder.
Grinder is moderately wounded.
Grinder closely misses you.
You barely miss Grinder.
Grinder is moderately wounded.
Grinder hits you.
* * * LOW HITPOINT WARNING * * *
Grinder hits you.
* * * LOW HITPOINT WARNING * * *
You writhe in agony.
You die...

#..# #..# #..#
##..##### .......#
########..###.##
#......†$.##...##
#..5#.....## # #
#..#5@5.....# #.#
#....#......## #.#
#.#..##...##.####.#.##
#.##.....####....# #..
#. ###.#.# #.##.## ##.
#. #.##.#.# #.>###..
#. #.# #.# #.#.#.## #.
#.# #.##.### # #.####
#


You could see Grinder, a friendly white imp and a friendly ufetubus.

Vanquished Creatures
  Natasha (D:2)
  3 gnolls (D:2)
  3 adders (D:2)
  2 oozes (D:1)
  3 worms
  A dart slug (D:1)
  4 leopard geckos
  2 orcs (D:3)
  A giant cockroach (D:2)
  3 goblins
  8 hobgoblins
  3 jackals (D:1)
  7 kobolds
  7 bats
  7 frilled lizards
  8 rats
63 creatures vanquished.

Vanquished Creatures (collateral kills)
  Natasha (twice) (D:2)
  2 rats (D:2)
4 creatures vanquished.

Grand Total: 67 creatures vanquished

Notes
Turn   | Place    | Note
-------+----------+-------------------------------------------
     0 | D:1      | Dharzhak the Demonspawn Gladiator began the quest for the Orb.
     0 | D:1      | Reached XP level 1. HP: 16/16 MP: 1/1
   102 | D:1      | Gained mutation: A weak demonic guardian rushes to your aid. [demonic ancestry]
   102 | D:1      | Reached XP level 2. HP: 15/23 MP: 2/2
   191 | D:1      | Reached skill level 3 in Axes
   699 | D:1      | Gained mutation: You have sharp toenails. [demonic ancestry]
   699 | D:1      | Reached XP level 3. HP: 26/28 MP: 3/3
  1115 | D:2      | Noticed Natasha
  1131 | D:2      | Killed Natasha
  1131 | D:2      | Gained mutation: You have razor-sharp toenails. [demonic ancestry]
  1131 | D:2      | Reached XP level 4. HP: 15/34 MP: 4/4
  1346 | D:2      | Noticed Natasha
  1352 | D:2      | Killed Natasha
  1474 | D:2      | Reached skill level 1 in Armour
  1586 | D:2      | Reached skill level 4 in Axes
  1979 | D:2      | Reached XP level 5. HP: 31/40 MP: 5/5
  2209 | D:2      | Noticed Natasha
  2220 | D:2      | Killed Natasha
  3172 | D:3      | Noticed Grinder
  3188 | D:3      | HP: 1/41 [Grinder (6)]
  3188 | D:3      | Slain by Grinder

Vault maps used:
D:1:      minmay_arrival_diagonal_passages
D:2:      first_bread, minmay_misc_feat_pillars, uniq_natasha
D:3:      uniq_grinder

Skill      XL: |  1  2  3  4  5 |
---------------+----------------+-----
Axes           | 3 4 |  4.2
Dodging        | 3 |  3.2
Armour         | 1 |  1.8
Fighting       | 3 |  3.1
Throwing       | |  1.7
Stealth        | |  0.2

Action                   |  1- 3 |  4- 6 || total
-------------------------+-------+-------++-------
Melee: War axe           |   105 |   121 ||   226
       Kick              |     7 |    28 ||    35
  Use: Scroll            |       |     6 ||     6
 Stab: Distracted        |       |     1 ||     1
  Eat: Chunk             |     1 |     3 ||     4
       Meat ration       |       |     1 ||     1
Armor: Leather armour    |     4 |       ||     4
       Ring mail         |    36 |    57 ||    93
Dodge: Dodged            |    95 |   118 ||   213
